 Dungeon Crawl Stone Soup version 0.31-a0-516-gfcb59812bd (webtiles) character file.

Game seed: 18441943718234623560

5711 Bnni the Blocker (level 11, 0/72 (75) HPs)
             Began as a Formicid Fighter on Aug 10, 2023.
             Was an Initiate of Yredelemnul.
             Slain by a two-headed ogre
             ... wielding a +0 giant club
              (27 damage)
             ... on level 8 of the Dungeon on Aug 11, 2023.
             The game lasted 00:24:51 (9396 turns).

Bnni the Blocker (Formicid Fighter)                 Turns: 9396, Time: 00:24:52

HP:   0/72 (75)     AC:  9    Str: 25    XL:     11   Next: 5%
MP:   12/12         EV:  8    Int:  8    God:    Yredelemnul [......]
Gold: 264           SH: 23    Dex: 13    Spells: 10/10 levels left

rFire   . . .        o - +0 scythe
rCold   . . .        g - +0 tower shield
rNeg    . . .        b - +0 scale mail
rPois   .            (helmet unavailable)
rElec   .            p - +0 cloak
rCorr   .            (no gloves)
SInv    +            q - +0 pair of boots
Will    +....        f - amulet of reflection Stlth
                     (no ring)
HPRegen 0.32/turn    (no ring)
MPRegen 0.13/turn

%: reflection
@: lightly drained
A: permanent stasis, dig shafts and tunnels, antennae 3, four strong arms
a: Dig, Shaft Self, Renounce Religion, Recall Undead Harvest


You were on level 8 of the Dungeon.
You worshipped Yredelemnul.
Yredelemnul was noncommittal.
You visited 2 branches of the dungeon, and saw 9 of its levels.
You also visited: Sewer and Ossuary.

You collected 364 gold pieces.
You spent 100 gold pieces at shops.

Inventory:

Hand Weapons
 n - a +1 battleaxe of flaming
 o - a +0 scythe (weapon)
Missiles
 l - 9 boomerangs
 z - 13 poisoned darts
Armour
 b - a +0 scale mail (worn)
 g - a +0 tower shield (worn)
 p - a +0 cloak (worn)
 q - a +0 pair of boots (worn)
Jewellery
 f - an amulet of reflection (around neck)
 r - a ring of ice
Wands
 d - a wand of flame (15)
 w - a wand of mindburst (5)
 y - a wand of roots (12)
Scrolls
 k - 4 scrolls of immolation
 m - a scroll of butterflies {unknown}
 s - a scroll of enchant armour
 x - a scroll of torment
 A - a scroll of fog
Potions
 e - 2 potions of heal wounds
 i - 12 potions of curing
 j - 2 potions of mutation
 t - 3 potions of resistance
 u - a potion of brilliance {unknown}
 B - a potion of might
 C - 2 potions of attraction {unknown}
 D - a potion of magic {unknown}
 E - 2 potions of enlightenment
 F - 2 potions of lignification {unknown}
 G - a potion of ambrosia {unknown}


   Skills:
 - Level 3.3 Fighting
 * Level 11.4 Polearms
 - Level 3.2 Armour
 * Level 14.4 Shields
 + Level 2.6 Invocations


You had 10 spell levels left.
You didn't know any spells.
Your spell library contained the following spells:

 Spells                   Type           Power      Damage    Failure   Level
 Apportation              Tloc           0%         N/A       94%         1
 Dazzling Flash           Conj/Hex       0%         N/A       100%        3
 Inner Flame              Hex/Fire       0%         N/A       100%        3
 Volatile Blastmotes      Fire/Tloc      0%         2d10      100%        3
 Flame Wave               Conj/Fire      0%         2d4       100%        4
 Sticky Flame             Conj/Fire      0%         2d3       100%        4
 Alistair's Intoxication  Tmut/Pois      0%         N/A       100%        5
 Starburst                Conj/Fire      0%         6d3       100%        6
 Maxwell's Capacitive Co  Air            0%         ∞         100%        8


Dungeon Overview and Level Annotations

Branches:
Dungeon (8/15)             Temple (1/1) D:6           Sewer (visited)
Ossuary (visited)
   Lair: D:8-11

Altars:
Ashenzari
Cheibriados
Dithmenos
Elyvilon
Fedhas
Gozag
Hepliaklqana
Kikubaaqudgha
Makhleb
Nemelex Xobeh
Okawaru
Ru
Sif Muna
Trog
Uskayaw
Vehumet
Wu Jian
Xom
Yredelemnul
Zin
The Shining One

Shops:
D:4 *   D:6 ?((


Innate Abilities, Weirdness & Mutations

You cannot be hasted, slowed, berserked, paralysed or teleported.
You can dig through walls and to a lower floor.
You have a pair of large antennae on your head. (SInv)
Your four strong arms can wield two-handed weapons with a shield.


Message History

Aim: a two-headed ogre, wielding two +0 giant clubs (heavily wounded, about 27% to evade your +0 scythe)
You hit the two-headed ogre but do no damage.
The two-headed ogre is heavily wounded.
You block the two-headed ogre's attack.
The two-headed ogre hits you with a +0 giant club.
Reach: o) +0 scythe
Press: ? - help, Dir - move target, f/p - two-headed ogre
Aim: a two-headed ogre, wielding two +0 giant clubs (heavily wounded, about 27% to evade your +0 scythe)
You barely miss the two-headed ogre.
The two-headed ogre is heavily wounded.
The two-headed ogre hits you with a +0 giant club! x2
Aiming: Fastroot
Press: ? - help, Shift-Dir - straight line, f - you
Okay, then.
Aiming: Fastroot
Press: ? - help, Shift-Dir - straight line, f/p - two-headed ogre
Aim: a two-headed ogre, wielding two +0 giant clubs (heavily wounded)
The roots erupt in riotous growth!
Roots grab the two-headed ogre.
The grasping roots constrict the two-headed ogre.
You hear a shout!
The two-headed ogre struggles to escape constriction.
Reach: o) +0 scythe
Press: ? - help, Dir - move target, f/p - two-headed ogre
Aim: a two-headed ogre, wielding two +0 giant clubs (heavily wounded, constricted by roots, about 7% to evade your +0 scythe)
You reach to attack!
You hit the two-headed ogre.
The two-headed ogre is severely wounded.
The grasping roots constrict the two-headed ogre.
The roots release their grip on the two-headed ogre.
You closely miss the two-headed ogre.
The two-headed ogre is severely wounded.
The two-headed ogre hits you with a +0 giant club!
* * * LOW HITPOINT WARNING * * *
The two-headed ogre hits you with a +0 giant club!
* * * LOW HITPOINT WARNING * * *
Unknown command.
You feel much better.
The two-headed ogre hits you with a +0 giant club!!
You die...
Your body rises from the dead as a mindless zombie.

#..# #..# #..#
{ #..# #..# ..
##..# {,...
#KK.######....
#O#.##{.K.....
####@#K##{.{..#
#....#.{{{###.#
#.#######.#
#....#....#
####.#.##[##.#
#.#......#
#...##.#
##.###.# #.# .#
##


You could see a two-headed ogre and 2 kobolds.

Vanquished Creatures
  A hornet (D:5)
  Prince Ribbit (D:6)
  Sigmund (D:2)
  6 yaks (D:5)
  An acid dragon (D:8)
  Duvessa (D:4)
  A water moccasin (D:7)
  An ogre (D:6)
  4 black bears
  6 sky beasts
  2 centaurs
  Blork the orc (D:5)
  3 kobold brigands
  A gnoll sergeant (D:6)
  2 elf zombies (Ossuary)
  4 bullfrogs
  6 scorpions
  7 wights
  Dowan (D:4)
  3 howler monkeys (D:7)
  An electric eel (D:6)
  3 centaur zombies (Ossuary)
  2 jellies
  A human zombie (Ossuary)
  Crazy Yiuf (D:2)
  2 orc priests
  4 hounds
  A sleepcap (D:6)
  5 iguanas
  4 orc wizards
  A statue (D:3)
  3 mummies
  10 gnolls
  16 adders
  3 river rats (Sewer)
  A white imp (D:5)
  An adder zombie (Ossuary)
  5 worms
  3 dart slugs
  15 orcs
  12 endoplasms
  2 giant cockroaches (D:1)
  8 goblins
  5 hobgoblins
  3 jackals (D:4)
  6 quokkas
  6 ball pythons
  9 bats
  6 frilled lizards
  10 hobgoblin zombies (Ossuary)
  A jackal zombie (Ossuary)
  13 kobolds
  9 kobold zombies (Ossuary)
  9 orc zombies (Ossuary)
  16 rats
  A rat zombie (Ossuary)
251 creatures vanquished.

Vanquished Creatures (collateral kills)
  A jelly (D:6)
  A kobold (D:8)
2 creatures vanquished.

Vanquished Creatures (others)
  A bullfrog zombie (D:8)
  A jelly zombie (D:6)
  A kobold zombie (D:8)
  3 orc zombies (D:6)
6 creatures vanquished.

Grand Total: 259 creatures vanquished

Notes
Turn   | Place    | Note
-------+----------+-------------------------------------------
     0 | D:1      | Bnni the Formicid Fighter began the quest for the Orb.
     0 | D:1      | Reached XP level 1. HP: 18/18 MP: 1/1
   133 | D:1      | Reached XP level 2. HP: 16/24 MP: 2/2
   307 | D:1      | Reached XP level 3. HP: 29/29 MP: 3/3
  1022 | D:2      | Reached XP level 4. HP: 35/35 MP: 4/4
  1284 | D:2      | Reached skill level 5 in Shields
  1359 | D:2      | Noticed Sigmund
  1366 | D:2      | Killed Sigmund
  1367 | D:2      | Reached skill level 5 in Polearms
  1367 | D:2      | Reached XP level 5. HP: 28/41 MP: 5/5
  1367 | D:2      | Reached XP level 6. HP: 33/47 MP: 6/6
  1428 | D:2      | Reached skill level 6 in Shields
  1660 | D:2      | Found a runed translucent door.
  1661 | D:2      | Noticed Crazy Yiuf
  1669 | D:2      | Killed Crazy Yiuf
  1948 | D:3      | Found a radiant altar of Vehumet.
  2184 | D:3      | Found a faded altar of an unknown god.
  2405 | D:3      | Found a snail-covered altar of Cheibriados.
  2430 | D:3      | Found the +5 robe of Misfortune {Harm *Corrode *Slow EV+5}
  2456 | D:3      | Found a white marble altar of Elyvilon.
  2563 | D:3      | Reached XP level 7. HP: 33/52 MP: 7/7
  2831 | D:4      | Reached skill level 7 in Shields
  2967 | D:4      | Found a glowing golden altar of the Shining One.
  3204 | D:4      | Found a glowing drain.
  3209 | Sewer    | Entered a sewer
  3741 | D:4      | Found Waostriagh's General Store.
  3749 | D:4      | Bought 2 potions of heal wounds for 100 gold pieces
  3750 | D:4      | Noticed Dowan
  3750 | D:4      | Noticed Duvessa
  4065 | D:4      | Reached skill level 8 in Shields
  4065 | D:4      | Reached XP level 8. HP: 13/39 MP: 8/8
  4277 | D:4      | You fall into a shaft and drop 3 floors!
  4616 | D:7      | Reached skill level 9 in Shields
  4677 | D:7      | Found a sand-covered staircase.
  4697 | Ossuary  | Entered an ossuary
  4876 | Ossuary  | Reached skill level 10 in Shields
  4876 | Ossuary  | Reached XP level 9. HP: 61/64 MP: 9/9
  5234 | D:6      | Reached skill level 11 in Shields
  5240 | D:6      | Noticed Prince Ribbit
  5288 | D:6      | Killed Prince Ribbit
  5604 | D:5      | Entered Level 5 of the Dungeon
  5624 | D:5      | Reached skill level 12 in Shields
  5631 | D:5      | Reached XP level 10. HP: 39/70 MP: 10/10
  5647 | D:5      | Reached skill level 10 in Polearms
  5944 | D:4      | Killed Duvessa
  5949 | D:4      | Killed Dowan
  5976 | D:4      | Found a broken altar of Ashenzari.
  6004 | D:4      | Reached skill level 13 in Shields
  6852 | D:5      | Noticed Blork the orc
  6865 | D:5      | Killed Blork the orc
  7627 | D:6      | Found Nogg's Weapon Emporium.
  7653 | D:6      | Found Towuntue's Magic Scroll Boutique.
  7663 | D:6      | Found an iron altar of Okawaru.
  7744 | D:6      | Found a staircase to the Ecumenical Temple.
  7758 | Temple   | Entered the Ecumenical Temple
  7773 | Temple   | Became a worshipper of Yredelemnul the Dark
  7862 | D:6      | Reached * piety under Yredelemnul
  8096 | D:6      | Found Ileafuf's Antique Weapon Shoppe.
  8689 | D:7      | Reached skill level 1 in Invocations
  8788 | D:7      | Found a sacrificial altar of Ru.
  8829 | D:7      | Reached skill level 14 in Shields
  8930 | D:7      | Reached ** piety under Yredelemnul
  8978 | D:7      | Found a glowing silver altar of Zin.
  9010 | D:7      | Found a shadowy altar of Dithmenos.
  9171 | D:7      | Found a burning altar of Makhleb.
  9358 | D:8      | Reached XP level 11. HP: 75/75 MP: 12/12
  9371 | D:8      | Noticed a two-headed ogre
  9395 | D:8      | HP: 3/72 [two-headed ogre/+0 giant club (16)]
  9396 | D:8      | Slain by a two-headed ogre

Illustrated notes

Levels and vault maps discovered:
D:1:      scummos_arrival_simple_crosswalls, layout_loops_corners
D:2:      layout_basic, uniq_sigmund, uniq_crazy_yiuf_cottage
D:3:      layout_basic, elyvilon_altar_3, marbit_many_paths, vehumet_statue,
          chequers_ecumenical_altar_simple_redux,
          nicolae_concentric_dashed_squares_wild
D:4:      layout_basic, nicolae_ashenzari_skybound, tso_altar,
          lightli_sewer_entry_pipes, serial_shops, shop_statue, uniq_duvessa
D:5:      layout_loops_corners, uniq_blork_the_orc
D:6:      layout_loops_ring, okawaru_metal_pillars_3,
          minmay_temple_entry_slanted, serial_shops, nicolae_square_shop,
          nicolae_shop_bloodbath_and_beyond, shop, nicolae_water_bricks,
          nrook_loot_triangle, kennysheep_opposing_triangles,
          uniq_prince_ribbit1
D:7:      layout_loops_ring, mainiacjoe_overflow_six_doors_small,
          kennysheep_little_box, general_overflow_altar, lemuel_round_altar,
          gup_ossuary_entry_pyramid, serial_bayou_pond_c
D:8:      layout_loops_ring, enter_bailey_6, hangedman_misty_isle, uniq_pikel
Temple:   nicolae_temple_bog_church

Skill      XL: |  1  2  3  4  5  6  7  8  9 10 |
---------------+-------------------------------+-----
Polearms       | 3 5 6 7 9 11 | 11.4
Shields        | 5 6 8 10 12 14 | 14.4
Invocations    | 2 |  2.6
Fighting       | |  3.3
Armour         | |  3.2

Action                     |  1- 3 |  4- 6 |  7- 9 | 10-12 || total
---------------------------+-------+-------+-------+-------++-------
  Melee: Trident           |    88 |   124 |   677 |   257 ||  1146
         Halberd           |       |       |       |   126 ||   126
  Throw: Dart              |       |       |     3 |     2 ||     5
         Boomerang         |       |       |       |     1 ||     1
Ability: Dig               |       |       |     3 |       ||     3
         Shaft Self        |       |       |     1 |       ||     1
  Evoke: Wand              |       |       |     2 |     8 ||    10
    Use: Potion            |       |     1 |     6 |     2 ||     9
         Scroll            |       |       |     1 |     9 ||    10
   Stab: Distracted        |       |       |       |     1 ||     1
 Armour: Scale mail        |    12 |    19 |   130 |    51 ||   212
  Dodge: Dodged            |    14 |    19 |    84 |    35 ||   152
  Block: Buckler           |    40 |    12 |       |       ||    52
         Reflection        |       |     5 |     1 |    14 ||    20
         Tower shield      |       |    49 |   555 |   356 ||   960

Table legend: (Time is in decaauts)
 A = Elapsed time spent in this place.
 B = Non-inter-level travel time spent in this place.
 C = Inter-level travel time spent in this place.
 D = Time resting spent in this place.
 E = Time spent auto-exploring this place.
 F = Levels seen in this place.
 G = Mean time per level.
                   A        B        C        D        E       F      G
               +--------+--------+--------+--------+--------+-----+--------+
         Total |   9623 |   9280 |    343 |   1183 |   5209 |  11 |  874.8 |
       Dungeon |   8732 |   8417 |    315 |   1183 |   4907 |   8 | 1091.5 |
        Temple |     30 |      2 |     28 |      0 |      0 |   1 |   30.0 |
         Sewer |    523 |    523 |      0 |      0 |    249 |   1 |  523.0 |
       Ossuary |    335 |    335 |      0 |      0 |     53 |   1 |  335.0 |
               +--------+--------+--------+--------+--------+-----+--------+

Top non-repeatable levels by time:
     D:5: 1643 daAuts
     D:4: 1603 daAuts
     D:6: 1359 daAuts
     D:3: 1126 daAuts
     D:7: 1046 daAuts
     D:1: 1035 daAuts
     D:2: 749 daAuts
   Sewer: 523 daAuts
 Ossuary: 335 daAuts
     D:8: 168 daAuts
  Temple: 30 daAuts
